Wild vs Blues

Created - February 10 2011 at 18:11

Goals
1 2 3 OT1 SO T
Wild 1 1 3 0 0 5
Blues 3 1 1 0 1 6
Shots
1 2 3 OT1 SO T
Wild 4 7 8 1 3 20
Blues 15 4 5 0 2 24

Period #1

1. Wild , Chris Drury 7 (Daniel Alfredsson) at 0:06
2. Blues , Dan Sexton 4 (Dennis Wideman, Scott Niedermayer) at 8:10
3. Blues , Jamie Langenbrunner 14 (Brian Pothier, Jussi Jokinen) at 8:20
4. Blues , Alexander Frolov 17 (Scott Niedermayer, Matthew Lombardi) at 18:09

Penalties :
Aaron Ward (MIN) for High sticking (Minor) at 1:26, Michal Rozsival (MIN) for Tripping (Minor) at 2:21, Chris Kunitz (STL) for Holding (Minor) at 9:18, Brian Pothier (STL) for High sticking (Minor) at 10:11

Period #2

5. Wild , Daniel Alfredsson 33 (Alexei Ponikarovsky, Freddy Meyer) at 1:38 (PP)
6. Blues , Alexander Frolov 18 (Kristian Huselius, Jussi Jokinen) at 18:15 (PP)

Penalties :
Chris Kunitz (STL) for Hooking (Minor) at 0:38, Dennis Wideman (STL) for Slashing (Minor) at 2:09, Brian Pothier (STL) for Charging (Minor) at 3:02, Milan Jurcina (STL) for Roughing (Minor) at 5:22, Mark Eaton (MIN) for Tripping (Minor) at 8:24, Milan Jurcina (STL) for Hooking (Minor) at 15:35, Aaron Ward (MIN) for Interference (Minor) at 17:43

Period #3

7. Wild , Stephane Yelle 7 (Freddy Meyer, Rob Niedermayer) at 6:08
8. Blues , Jamie Langenbrunner 15 (Chris Kunitz, Dennis Wideman) at 8:36 (PP)
9. Wild , Joe Pavelski 25 (Martin St. Louis, Ryan Whitney) at 8:59 (PP)
10. Wild , Milan Hejduk 20 (Robert Lang, Martin St. Louis) at 17:57

Penalties :
Alexei Ponikarovsky (MIN) for Holding (Minor) at 6:40, Jay McKee (STL) for Tripping (Minor) at 8:47, Milan Jurcina (STL) for Roughing (Minor) at 10:03, Freddy Meyer (MIN) for Holding (Minor) at 14:23, Steve Ott (STL) for High sticking (Minor) at 18:27

Overtime #1

No Goal

Penalties :
No Penalty

Shootout

Penalty Shot by Milan Hejduk for Wild - Stopped by Michael Leighton
Penalty Shot by Jamie Langenbrunner for Blues - Stopped by Dwayne Roloson
Penalty Shot by Daniel Alfredsson for Wild - Stopped by Michael Leighton
Penalty Shot by Saku Koivu for Blues - Goal!
Penalty Shot by Martin St. Louis for Wild - Stopped by Michael Leighton

Penalties :
No Penalty

Goalie Stats

Dwayne Roloson (MIN), 3 saves from 3 shots - (1.000), OTL, 4-2-1, 16:24 minutes
Ilya Bryzgalov (MIN), 16 saves from 21 shots - (0.762), 48:36 minutes
Jonathan Quick (STL), 14 saves from 18 shots - (0.778), 48:59 minutes
Michael Leighton (STL), 1 saves from 2 shots - (0.500), W, 2-3-1, 16:01 minutes

Players Stats

Wild
Player Name              G  A  P  +/- PIM S  H  SB FO    MP 
------------------------------------------------------------
Aaron Ward               0  0  0   0  4   0  1  0  0/0   12 
Alexei Ponikarovsky      0  1  1  -1  2   2  1  0  0/1   17 
Brian Willsie            0  0  0   0  0   1  0  0  0/3   16 
Chris Drury              1  0  1  -1  0   1  2  0  8/22  18 
Daniel Alfredsson        1  1  2  -1  0   3  0  1  0/0   22 
Freddy Meyer             0  2  2   1  2   0  2  0  0/0   21 
Jan Hejda                0  0  0   0  0   1  3  2  0/0   23 
Jay Leach                0  0  0   0  0   0  0  0  0/0   3  
Joe Pavelski             1  0  1   0  0   2  2  0  8/22  23 
Mark Eaton               0  0  0  -1  2   0  0  0  0/0   19 
Martin St. Louis         0  2  2   1  0   1  1  0  2/4   22 
Michal Rozsival          0  0  0   0  2   1  2  3  0/0   23 
Milan Hejduk             1  0  1   1  0   2  0  0  1/2   20 
Olli Jokinen             0  0  0  -1  0   1  1  0  3/6   11 
Rob Niedermayer          0  1  1   0  0   4  1  0  11/21 16 
Robert Lang              0  1  1   1  0   0  2  0  3/3   5  
Ryan Whitney             0  1  1   1  0   0  0  0  0/0   25 
Stephane Yelle           1  0  1   0  0   1  0  0  0/0   16 
Blues
Player Name              G  A  P  +/- PIM S  H  SB FO    MP 
------------------------------------------------------------
Alexander Frolov         2  0  2   0  0   2  0  0  0/0   12 
Brian Pothier            0  1  1   0  4   0  4  1  0/0   20 
Chris Kunitz             0  1  1   0  4   2  1  0  0/0   14 
Dan Sexton               1  0  1   1  0   1  0  0  0/0   6  
Daymond Langkow          0  0  0  -1  0   4  0  2  6/14  19 
Dennis Wideman           0  2  2   0  2   1  1  3  0/0   22 
Jamie Langenbrunner      2  0  2  -1  0   4  0  0  5/6   22 
Jay McKee                0  0  0   0  2   0  0  1  0/0   14 
Jussi Jokinen            0  2  2  -1  0   1  0  0  15/30 22 
Kristian Huselius        0  1  1   0  0   3  0  0  0/2   20 
Matthew Lombardi         0  1  1  -1  0   0  0  0  12/16 15 
Mike Comrie              0  0  0   1  0   0  0  0  0/1   7  
Milan Jurcina            0  0  0   0  6   0  2  0  0/0   17 
Robyn Regehr             0  0  0   0  0   0  4  2  0/0   25 
Saku Koivu               0  0  0   1  0   1  0  0  9/14  15 
Scott Niedermayer        0  2  2   1  0   2  0  1  0/0   27 
Steve Ott                0  0  0   0  2   2  4  0  0/0   14 
Todd Bertuzzi            0  0  0   0  0   1  1  0  1/1   14 

3 Stars

1 - Alexander Frolov (STL)
2 - Jamie Langenbrunner (STL)
3 - Martin St. Louis (MIN)

Power Play

Wild - 2 on 10 Attempt(s) - 20.00%
Blues - 2 on 6 Attempt(s) - 33.33%

Penalty Kill

Wild - 4 on 6 Attempt(s) - 66.67% - Score 0 goal in Penalty Kill
Blues - 8 on 10 Attempt(s) - 80.00% - Score 0 goal in Penalty Kill

Game Notes

Dwayne Roloson enters game at 8:36 of 3rd period
Michael Leighton enters game at 8:59 of 3rd period

Finance

Level 1 -- Attendance: 6500 (100.00%) -- Ticket Income $390,000.00
Level 2 -- Attendance: 5000 (100.00%) -- Ticket Income $150,000.00
Level 3 -- Attendance: 3500 (100.00%) -- Ticket Income $87,500.00
Level 4 -- Attendance: 3022 (100.00%) -- Ticket Income $45,330.00
Luxury Box -- Attendance: 1000 (100.00%) -- Ticket Income $120,000.00
Game was played at the Scottrade Center
Total Attendance: 19022 (100.00%)
Total Ticket Income: $854,066.00
Other Income: $203,401.50
Total Income: $1,057,468.00


Play by Play

Period #1

0:01 of 1st period - Chris Drury wins face-off versus Matthew Lombardi in neutral zone.
0:06 of 1st period - Shot by Chris Drury.
0:06 of 1st period - Goal by Chris Drury - Wild : 1 - Blues : 0.
0:07 of 1st period - Jussi Jokinen wins face-off versus Joe Pavelski in neutral zone.
0:14 of 1st period - Milan Hejduk is hit by Brian Pothier and loses puck.
0:37 of 1st period - Shot by Chris Kunitz.
0:37 of 1st period - Stopped by Ilya Bryzgalov without a rebound.
0:38 of 1st period - Matthew Lombardi wins face-off versus Chris Drury in Wild zone.
0:47 of 1st period - Shot by Matthew Lombardi.
0:47 of 1st period - Deflect By Kristian Huselius.
0:47 of 1st period - Shot Misses the Net.
0:49 of 1st period - Shot by Robyn Regehr.
0:49 of 1st period - Shot Blocked by Jan Hejda.
0:53 of 1st period - Shot by Scott Niedermayer.
0:53 of 1st period - Stopped by Ilya Bryzgalov without a rebound.
0:54 of 1st period - Rob Niedermayer wins face-off versus Daymond Langkow in Wild zone.
1:10 of 1st period - Brian Willsie is hit by Steve Ott and loses puck.
1:16 of 1st period - Icing by Freddy Meyer.
1:17 of 1st period - Matthew Lombardi wins face-off versus Rob Niedermayer in Wild zone.
1:25 of 1st period - Kristian Huselius is hit by Aaron Ward and loses puck.
1:26 of 1st period - Minor Penalty to Aaron Ward for High sticking.
1:27 of 1st period - Matthew Lombardi wins face-off versus Rob Niedermayer in Wild zone.
1:45 of 1st period - Shot by Jamie Langenbrunner.
1:45 of 1st period - Stopped by Ilya Bryzgalov without a rebound.
1:46 of 1st period - Jussi Jokinen wins face-off versus Chris Drury in Wild zone.
1:49 of 1st period - Shot by Jussi Jokinen.
1:49 of 1st period - Stopped by Ilya Bryzgalov with a rebound.
1:51 of 1st period - Shot by Scott Niedermayer.
1:51 of 1st period - Stopped by Ilya Bryzgalov without a rebound.
1:52 of 1st period - Jussi Jokinen wins face-off versus Brian Willsie in Wild zone.
2:01 of 1st period - Jussi Jokinen is hit by Freddy Meyer and loses puck.
2:08 of 1st period - Shot by Kristian Huselius.
2:08 of 1st period - Stopped by Ilya Bryzgalov without a rebound.
2:09 of 1st period - Matthew Lombardi wins face-off versus Rob Niedermayer in Wild zone.
2:14 of 1st period - Shot by Jamie Langenbrunner.
2:14 of 1st period - Shot Misses the Net.
2:16 of 1st period - Shot by Matthew Lombardi.
2:16 of 1st period - Deflect By Jamie Langenbrunner.
2:16 of 1st period - Shot Misses the Net.
2:21 of 1st period - Minor Penalty to Michal Rozsival for Tripping.
2:22 of 1st period - Chris Drury wins face-off versus Jussi Jokinen in Wild zone.
2:28 of 1st period - Icing by Scott Niedermayer.
2:29 of 1st period - Chris Drury wins face-off versus Jussi Jokinen in Blues zone.
2:35 of 1st period - Chris Drury is hit by Robyn Regehr and loses puck.
3:10 of 1st period - Shot by Rob Niedermayer.
3:10 of 1st period - Stopped by Jonathan Quick without a rebound.
3:11 of 1st period - Matthew Lombardi wins face-off versus Rob Niedermayer in Blues zone.
4:05 of 1st period - Icing by Robyn Regehr.
4:06 of 1st period - Rob Niedermayer wins face-off versus Jussi Jokinen in Blues zone.
4:25 of 1st period - Joe Pavelski is hit by Steve Ott and loses puck.
4:38 of 1st period - Shot by Joe Pavelski.
4:38 of 1st period - Stopped by Jonathan Quick without a rebound.
4:39 of 1st period - Saku Koivu wins face-off versus Chris Drury in Blues zone.
4:41 of 1st period - Icing by Scott Niedermayer.
4:42 of 1st period - Saku Koivu wins face-off versus Joe Pavelski in Blues zone.
5:09 of 1st period - Shot by Milan Hejduk.
5:09 of 1st period - Shot Blocked by Scott Niedermayer.
6:03 of 1st period - Shot by Milan Jurcina.
6:03 of 1st period - Shot Misses the Net.
6:05 of 1st period - Shot by Daymond Langkow.
6:05 of 1st period - Stopped by Ilya Bryzgalov with a rebound.
7:03 of 1st period - Freddy Meyer is hit by Robyn Regehr and loses puck.
7:28 of 1st period - Shot by Matthew Lombardi.
7:28 of 1st period - Shot Misses the Net.
7:41 of 1st period - Freddy Meyer is hit by Todd Bertuzzi and loses puck.
7:52 of 1st period - Icing by Stephane Yelle.
7:53 of 1st period - Saku Koivu wins face-off versus Rob Niedermayer in Wild zone.
8:10 of 1st period - Shot by Dan Sexton.
8:10 of 1st period - Goal by Dan Sexton - Wild : 1 - Blues : 1.
8:11 of 1st period - Jussi Jokinen wins face-off versus Chris Drury in neutral zone.
8:16 of 1st period - Shot by Jussi Jokinen.
8:16 of 1st period - Shot Misses the Net.
8:18 of 1st period - Shot by Brian Pothier.
8:18 of 1st period - Shot Misses the Net.
8:20 of 1st period - Shot by Jamie Langenbrunner.
8:20 of 1st period - Goal by Jamie Langenbrunner - Wild : 1 - Blues : 2.
8:21 of 1st period - Martin St. Louis wins face-off versus Daymond Langkow in neutral zone.
9:18 of 1st period - Minor Penalty to Chris Kunitz for Holding.
9:19 of 1st period - Olli Jokinen wins face-off versus Jussi Jokinen in Blues zone.
10:11 of 1st period - Minor Penalty to Brian Pothier for High sticking.
10:12 of 1st period - Saku Koivu wins face-off versus Joe Pavelski in Blues zone.
10:25 of 1st period - Shot by Milan Hejduk.
10:25 of 1st period - Shot Hit the Post.
10:27 of 1st period - Shot by Martin St. Louis.
10:27 of 1st period - Shot Blocked by Daymond Langkow.
10:29 of 1st period - Shot by Michal Rozsival.
10:29 of 1st period - Shot Blocked by Daymond Langkow.
12:53 of 1st period - Shot by Jussi Jokinen.
12:53 of 1st period - Deflect By Jamie Langenbrunner.
12:53 of 1st period - Stopped by Ilya Bryzgalov without a rebound.
12:54 of 1st period - Saku Koivu wins face-off versus Rob Niedermayer in Wild zone.
13:37 of 1st period - Rob Niedermayer is hit by Dennis Wideman and loses puck.
14:12 of 1st period - Shot by Chris Drury.
14:12 of 1st period - Shot Blocked by Brian Pothier.
14:30 of 1st period - Shot by Daymond Langkow.
14:30 of 1st period - Shot Misses the Net.
14:32 of 1st period - Shot by Jay McKee.
14:32 of 1st period - Deflect By Steve Ott.
14:32 of 1st period - Shot Misses the Net.
14:36 of 1st period - Shot by Todd Bertuzzi.
14:36 of 1st period - Shot Misses the Net.
14:42 of 1st period - Shot by Todd Bertuzzi.
14:42 of 1st period - Stopped by Ilya Bryzgalov without a rebound.
14:43 of 1st period - Matthew Lombardi wins face-off versus Joe Pavelski in Wild zone.
14:44 of 1st period - Shot by Kristian Huselius.
14:44 of 1st period - Stopped by Ilya Bryzgalov with a rebound.
16:13 of 1st period - Shot by Todd Bertuzzi.
16:13 of 1st period - Shot Misses the Net.
16:15 of 1st period - Shot by Daymond Langkow.
16:15 of 1st period - Stopped by Ilya Bryzgalov without a rebound.
16:16 of 1st period - Jussi Jokinen wins face-off versus Chris Drury in Wild zone.
17:14 of 1st period - Shot by Rob Niedermayer.
17:14 of 1st period - Stopped by Jonathan Quick without a rebound.
17:15 of 1st period - Joe Pavelski wins face-off versus Daymond Langkow in Blues zone.
17:59 of 1st period - Icing by Mark Eaton.
18:00 of 1st period - Matthew Lombardi wins face-off versus Chris Drury in Wild zone.
18:00 of 1st period - Kristian Huselius is hit by Olli Jokinen and loses puck.
18:05 of 1st period - Shot by Matthew Lombardi.
18:05 of 1st period - Shot Misses the Net.
18:09 of 1st period - Shot by Alexander Frolov.
18:09 of 1st period - Goal by Alexander Frolov - Wild : 1 - Blues : 3.
18:10 of 1st period - Rob Niedermayer wins face-off versus Jussi Jokinen in neutral zone.
18:26 of 1st period - Shot by Rob Niedermayer.
18:26 of 1st period - Shot Blocked by Dennis Wideman.
19:12 of 1st period - Shot by Ryan Whitney.
19:12 of 1st period - Deflect By Martin St. Louis.
19:12 of 1st period - Shot Blocked by Robyn Regehr.
19:34 of 1st period - Shot by Kristian Huselius.
19:34 of 1st period - Stopped by Ilya Bryzgalov without a rebound.
19:35 of 1st period - Rob Niedermayer wins face-off versus Daymond Langkow in Wild zone.

Period #2

0:01 of 2nd period - Matthew Lombardi wins face-off versus Chris Drury in neutral zone.
0:01 of 2nd period - Kristian Huselius is hit by Chris Drury and loses puck.
0:29 of 2nd period - Icing by Jan Hejda.
0:30 of 2nd period - Jussi Jokinen wins face-off versus Chris Drury in Wild zone.
0:35 of 2nd period - Shot by Chris Kunitz.
0:35 of 2nd period - Shot Blocked by Jan Hejda.
0:38 of 2nd period - Minor Penalty to Chris Kunitz for Hooking.
0:39 of 2nd period - Jussi Jokinen wins face-off versus Joe Pavelski in Blues zone.
1:21 of 2nd period - Milan Hejduk is hit by Robyn Regehr and loses puck.
1:38 of 2nd period - Shot by Daniel Alfredsson.
1:38 of 2nd period - Goal by Daniel Alfredsson - Wild : 2 - Blues : 3.
1:39 of 2nd period - Daymond Langkow wins face-off versus Rob Niedermayer in neutral zone.
1:42 of 2nd period - Stephane Yelle is hit by Steve Ott and loses puck.
2:01 of 2nd period - Shot by Rob Niedermayer.
2:01 of 2nd period - Stopped by Jonathan Quick without a rebound.
2:02 of 2nd period - Chris Drury wins face-off versus Jussi Jokinen in Blues zone.
2:08 of 2nd period - Alexei Ponikarovsky is hit by Brian Pothier and loses puck.
2:09 of 2nd period - Minor Penalty to Dennis Wideman for Slashing.
2:10 of 2nd period - Jussi Jokinen wins face-off versus Olli Jokinen in Blues zone.
3:01 of 2nd period - Milan Hejduk is hit by Brian Pothier and loses puck.
3:02 of 2nd period - Minor Penalty to Brian Pothier for Charging.
3:03 of 2nd period - Joe Pavelski wins face-off versus Jamie Langenbrunner in Blues zone.
3:12 of 2nd period - Shot by Milan Hejduk.
3:12 of 2nd period - Stopped by Jonathan Quick without a rebound.
3:13 of 2nd period - Saku Koivu wins face-off versus Joe Pavelski in Blues zone.
3:19 of 2nd period - Icing by Michal Rozsival.
3:20 of 2nd period - Saku Koivu wins face-off versus Joe Pavelski in Wild zone.
3:20 of 2nd period - Saku Koivu is hit by Michal Rozsival.
3:33 of 2nd period - Icing by Ryan Whitney.
3:34 of 2nd period - Joe Pavelski wins face-off versus Saku Koivu in Wild zone.
4:04 of 2nd period - Daniel Alfredsson is hit by Robyn Regehr and loses puck.
4:30 of 2nd period - Icing by Freddy Meyer.
4:31 of 2nd period - Jamie Langenbrunner wins face-off versus Olli Jokinen in Wild zone.
5:15 of 2nd period - Shot by Mark Eaton.
5:15 of 2nd period - Shot Blocked by Jay McKee.
5:22 of 2nd period - Minor Penalty to Milan Jurcina for Roughing.
5:23 of 2nd period - Milan Hejduk wins face-off versus Jussi Jokinen in Blues zone.
5:49 of 2nd period - Martin St. Louis is hit by Brian Pothier and loses puck.
6:48 of 2nd period - Shot by Michal Rozsival.
6:48 of 2nd period - Stopped by Jonathan Quick without a rebound.
6:49 of 2nd period - Robert Lang wins face-off versus Jussi Jokinen in Blues zone.
7:50 of 2nd period - Shot by Todd Bertuzzi.
7:50 of 2nd period - Shot Misses the Net.
7:52 of 2nd period - Shot by Daymond Langkow.
7:52 of 2nd period - Stopped by Ilya Bryzgalov with a rebound.
8:05 of 2nd period - Off-side.
8:06 of 2nd period - Jussi Jokinen wins face-off versus Alexei Ponikarovsky in neutral zone.
8:24 of 2nd period - Minor Penalty to Mark Eaton for Tripping.
8:25 of 2nd period - Rob Niedermayer wins face-off versus Jussi Jokinen in Wild zone.
8:30 of 2nd period - Robyn Regehr is hit by Rob Niedermayer and loses puck.
9:16 of 2nd period - Brian Pothier is hit by Joe Pavelski and loses puck.
9:53 of 2nd period - Shot by Olli Jokinen.
9:53 of 2nd period - Stopped by Jonathan Quick with a rebound.
10:29 of 2nd period - Daymond Langkow is hit by Joe Pavelski and loses puck.
10:33 of 2nd period - Off-side.
10:34 of 2nd period - Martin St. Louis wins face-off versus Daymond Langkow in neutral zone.
11:37 of 2nd period - Shot by Dan Sexton.
11:37 of 2nd period - Shot Misses the Net.
12:10 of 2nd period - Off-side.
12:11 of 2nd period - Jussi Jokinen wins face-off versus Joe Pavelski in neutral zone.
12:39 of 2nd period - Jussi Jokinen is hit by Michal Rozsival and loses puck.
14:58 of 2nd period - Shot by Chris Kunitz.
14:58 of 2nd period - Shot Misses the Net.
15:27 of 2nd period - Shot by Alexei Ponikarovsky.
15:27 of 2nd period - Deflect By Daniel Alfredsson.
15:27 of 2nd period - Stopped by Jonathan Quick without a rebound.
15:28 of 2nd period - Daymond Langkow wins face-off versus Brian Willsie in Blues zone.
15:35 of 2nd period - Minor Penalty to Milan Jurcina for Hooking.
15:36 of 2nd period - Olli Jokinen wins face-off versus Kristian Huselius in Blues zone.
15:45 of 2nd period - Shot by Jan Hejda.
15:45 of 2nd period - Shot Misses the Net.
15:47 of 2nd period - Shot by Daniel Alfredsson.
15:47 of 2nd period - Deflect By Alexei Ponikarovsky.
15:47 of 2nd period - Shot Misses the Net.
15:51 of 2nd period - Shot by Alexei Ponikarovsky.
15:51 of 2nd period - Stopped by Jonathan Quick without a rebound.
15:52 of 2nd period - Robert Lang wins face-off versus Kristian Huselius in Blues zone.
16:02 of 2nd period - Icing by Martin St. Louis.
16:03 of 2nd period - Joe Pavelski wins face-off versus Jussi Jokinen in Wild zone.
17:11 of 2nd period - Icing by Milan Hejduk.
17:12 of 2nd period - Robert Lang wins face-off versus Daymond Langkow in Wild zone.
17:25 of 2nd period - Off-side.
17:26 of 2nd period - Jamie Langenbrunner wins face-off versus Olli Jokinen in neutral zone.
17:43 of 2nd period - Minor Penalty to Aaron Ward for Interference.
17:44 of 2nd period - Rob Niedermayer wins face-off versus Matthew Lombardi in Wild zone.
18:01 of 2nd period - Shot by Dennis Wideman.
18:01 of 2nd period - Stopped by Ilya Bryzgalov without a rebound.
18:02 of 2nd period - Jussi Jokinen wins face-off versus Rob Niedermayer in Wild zone.
18:15 of 2nd period - Shot by Alexander Frolov.
18:15 of 2nd period - Goal by Alexander Frolov - Wild : 2 - Blues : 4.
18:16 of 2nd period - Daymond Langkow wins face-off versus Milan Hejduk in neutral zone.
18:21 of 2nd period - Shot by Daymond Langkow.
18:21 of 2nd period - Stopped by Ilya Bryzgalov with a rebound.
18:25 of 2nd period - Shot by Steve Ott.
18:25 of 2nd period - Shot Misses the Net.
18:29 of 2nd period - Shot by Daymond Langkow.
18:29 of 2nd period - Shot Misses the Net.
18:33 of 2nd period - Shot by Steve Ott.
18:33 of 2nd period - Deflect By Todd Bertuzzi.
18:33 of 2nd period - Shot Misses the Net.
18:37 of 2nd period - Shot by Steve Ott.
18:37 of 2nd period - Shot Misses the Net.
19:51 of 2nd period - Saku Koivu is hit by Jan Hejda and loses puck.

Period #3

0:01 of 3rd period - Chris Drury wins face-off versus Matthew Lombardi in neutral zone.
0:04 of 3rd period - Shot by Alexei Ponikarovsky.
0:04 of 3rd period - Stopped by Jonathan Quick with a rebound.
0:07 of 3rd period - Icing by Scott Niedermayer.
0:08 of 3rd period - Matthew Lombardi wins face-off versus Joe Pavelski in Blues zone.
0:12 of 3rd period - Off-side.
0:13 of 3rd period - Chris Drury wins face-off versus Jussi Jokinen in neutral zone.
0:43 of 3rd period - Shot by Alexei Ponikarovsky.
0:43 of 3rd period - Shot Misses the Net.
1:45 of 3rd period - Shot by Martin St. Louis.
1:45 of 3rd period - Shot Misses the Net.
1:47 of 3rd period - Shot by Martin St. Louis.
1:47 of 3rd period - Stopped by Jonathan Quick without a rebound.
1:48 of 3rd period - Rob Niedermayer wins face-off versus Daymond Langkow in Blues zone.
1:48 of 3rd period - Freddy Meyer is hit by Milan Jurcina and loses puck.
2:01 of 3rd period - Shot by Steve Ott.
2:01 of 3rd period - Stopped by Ilya Bryzgalov without a rebound.
2:02 of 3rd period - Todd Bertuzzi wins face-off versus Rob Niedermayer in Wild zone.
2:08 of 3rd period - Freddy Meyer is hit by Milan Jurcina.
2:16 of 3rd period - Shot by Brian Willsie.
2:16 of 3rd period - Deflect By Rob Niedermayer.
2:16 of 3rd period - Shot Misses the Net.
2:37 of 3rd period - Off-side.
2:38 of 3rd period - Joe Pavelski wins face-off versus Jussi Jokinen in neutral zone.
2:48 of 3rd period - Ryan Whitney is hit by Chris Kunitz and loses puck.
3:10 of 3rd period - Icing by Brian Pothier.
3:11 of 3rd period - Jamie Langenbrunner wins face-off versus Chris Drury in Blues zone.
3:40 of 3rd period - Shot by Alexei Ponikarovsky.
3:40 of 3rd period - Shot Misses the Net.
3:42 of 3rd period - Shot by Daniel Alfredsson.
3:42 of 3rd period - Shot Misses the Net.
3:44 of 3rd period - Shot by Daniel Alfredsson.
3:44 of 3rd period - Shot Misses the Net.
3:46 of 3rd period - Shot by Chris Drury.
3:46 of 3rd period - Shot Misses the Net.
3:48 of 3rd period - Shot by Chris Drury.
3:48 of 3rd period - Shot Blocked by Robyn Regehr.
3:50 of 3rd period - Shot by Jan Hejda.
3:50 of 3rd period - Stopped by Jonathan Quick without a rebound.
3:51 of 3rd period - Rob Niedermayer wins face-off versus Daymond Langkow in Blues zone.
4:04 of 3rd period - Shot by Rob Niedermayer.
4:04 of 3rd period - Stopped by Jonathan Quick without a rebound.
4:05 of 3rd period - Saku Koivu wins face-off versus Joe Pavelski in Blues zone.
4:20 of 3rd period - Shot by Robyn Regehr.
4:20 of 3rd period - Shot Misses the Net.
4:24 of 3rd period - Shot by Saku Koivu.
4:24 of 3rd period - Shot Blocked by Michal Rozsival.
4:32 of 3rd period - Shot by Mike Comrie.
4:32 of 3rd period - Shot Misses the Net.
6:00 of 3rd period - Off-side.
6:01 of 3rd period - Rob Niedermayer wins face-off versus Jussi Jokinen in neutral zone.
6:04 of 3rd period - Shot by Freddy Meyer.
6:04 of 3rd period - Shot Misses the Net.
6:08 of 3rd period - Shot by Stephane Yelle.
6:08 of 3rd period - Goal by Stephane Yelle - Wild : 3 - Blues : 4.
6:09 of 3rd period - Rob Niedermayer wins face-off versus Matthew Lombardi in neutral zone.
6:15 of 3rd period - Icing by Robyn Regehr.
6:16 of 3rd period - Matthew Lombardi wins face-off versus Rob Niedermayer in Blues zone.
6:37 of 3rd period - Shot by Brian Willsie.
6:37 of 3rd period - Stopped by Jonathan Quick without a rebound.
6:38 of 3rd period - Chris Drury wins face-off versus Jussi Jokinen in Blues zone.
6:40 of 3rd period - Minor Penalty to Alexei Ponikarovsky for Holding.
6:41 of 3rd period - Matthew Lombardi wins face-off versus Brian Willsie in Wild zone.
6:50 of 3rd period - Shot by Chris Kunitz.
6:50 of 3rd period - Deflect By Matthew Lombardi.
6:50 of 3rd period - Shot Misses the Net.
6:52 of 3rd period - Shot by Brian Pothier.
6:52 of 3rd period - Shot Misses the Net.
7:34 of 3rd period - Kristian Huselius is hit by Freddy Meyer and loses puck.
7:46 of 3rd period - Icing by Kristian Huselius.
7:47 of 3rd period - Jussi Jokinen wins face-off versus Chris Drury in Blues zone.
7:47 of 3rd period - Jussi Jokinen is hit by Chris Drury.
8:36 of 3rd period - Shot by Jamie Langenbrunner.
8:36 of 3rd period - Goal by Jamie Langenbrunner - Wild : 3 - Blues : 5.
8:36 of 3rd period - Dwayne Roloson enters game.
8:37 of 3rd period - Daymond Langkow wins face-off versus Joe Pavelski in neutral zone.
8:40 of 3rd period - Shot by Jay McKee.
8:40 of 3rd period - Shot Blocked by Daniel Alfredsson.
8:47 of 3rd period - Minor Penalty to Jay McKee for Tripping.
8:48 of 3rd period - Jamie Langenbrunner wins face-off versus Joe Pavelski in Blues zone.
8:59 of 3rd period - Shot by Joe Pavelski.
8:59 of 3rd period - Goal by Joe Pavelski - Wild : 4 - Blues : 5.
8:59 of 3rd period - Michael Leighton enters game.
9:00 of 3rd period - Daymond Langkow wins face-off versus Chris Drury in neutral zone.
9:00 of 3rd period - Daymond Langkow is hit by Alexei Ponikarovsky.
9:05 of 3rd period - Daymond Langkow is hit by Jan Hejda.
9:50 of 3rd period - Shot by Rob Niedermayer.
9:50 of 3rd period - Shot Misses the Net.
9:52 of 3rd period - Shot by Freddy Meyer.
9:52 of 3rd period - Deflect By Rob Niedermayer.
9:52 of 3rd period - Shot Misses the Net.
9:56 of 3rd period - Shot by Rob Niedermayer.
9:56 of 3rd period - Shot Misses the Net.
10:03 of 3rd period - Minor Penalty to Milan Jurcina for Roughing.
10:04 of 3rd period - Joe Pavelski wins face-off versus Jussi Jokinen in Blues zone.
12:25 of 3rd period - Shot by Daymond Langkow.
12:25 of 3rd period - Shot Misses the Net.
12:29 of 3rd period - Shot by Steve Ott.
12:29 of 3rd period - Stopped by Dwayne Roloson without a rebound.
12:30 of 3rd period - Saku Koivu wins face-off versus Joe Pavelski in Wild zone.
12:37 of 3rd period - Shot by Scott Niedermayer.
12:37 of 3rd period - Shot Blocked by Michal Rozsival.
12:41 of 3rd period - Shot by Saku Koivu.
12:41 of 3rd period - Shot Misses the Net.
13:03 of 3rd period - Shot by Martin St. Louis.
13:03 of 3rd period - Shot Hit the Post.
13:50 of 3rd period - Shot by Chris Kunitz.
13:50 of 3rd period - Stopped by Dwayne Roloson with a rebound.
14:00 of 3rd period - Shot by Jamie Langenbrunner.
14:00 of 3rd period - Shot Misses the Net.
14:23 of 3rd period - Minor Penalty to Freddy Meyer for Holding.
14:24 of 3rd period - Jussi Jokinen wins face-off versus Chris Drury in Wild zone.
15:44 of 3rd period - Shot by Saku Koivu.
15:44 of 3rd period - Shot Misses the Net.
15:51 of 3rd period - Icing by Alexander Frolov.
15:52 of 3rd period - Rob Niedermayer wins face-off versus Saku Koivu in Blues zone.
16:16 of 3rd period - Icing by Brian Pothier.
16:17 of 3rd period - Matthew Lombardi wins face-off versus Chris Drury in Blues zone.
16:49 of 3rd period - Shot by Joe Pavelski.
16:49 of 3rd period - Shot Misses the Net.
16:51 of 3rd period - Shot by Joe Pavelski.
16:51 of 3rd period - Shot Misses the Net.
17:21 of 3rd period - Shot by Daniel Alfredsson.
17:21 of 3rd period - Shot Blocked by Dennis Wideman.
17:55 of 3rd period - Shot by Milan Hejduk.
17:55 of 3rd period - Deflect By Robert Lang.
17:55 of 3rd period - Shot Blocked by Dennis Wideman.
17:57 of 3rd period - Shot by Milan Hejduk.
17:57 of 3rd period - Goal by Milan Hejduk - Wild : 5 - Blues : 5.
17:58 of 3rd period - Joe Pavelski wins face-off versus Saku Koivu in neutral zone.
18:13 of 3rd period - Shot by Alexander Frolov.
18:13 of 3rd period - Deflect By Saku Koivu.
18:13 of 3rd period - Shot Misses the Net.
18:19 of 3rd period - Shot by Alexander Frolov.
18:19 of 3rd period - Shot Misses the Net.
18:21 of 3rd period - Shot by Robyn Regehr.
18:21 of 3rd period - Shot Blocked by Michal Rozsival.
18:25 of 3rd period - Shot by Saku Koivu.
18:25 of 3rd period - Stopped by Dwayne Roloson without a rebound.
18:26 of 3rd period - Chris Drury wins face-off versus Saku Koivu in Wild zone.
18:26 of 3rd period - Chris Drury is hit by Steve Ott.
18:27 of 3rd period - Minor Penalty to Steve Ott for High sticking.
18:28 of 3rd period - Olli Jokinen wins face-off versus Mike Comrie in Blues zone.
19:48 of 3rd period - Icing by Martin St. Louis.
19:49 of 3rd period - Daymond Langkow wins face-off versus Joe Pavelski in Wild zone.
19:59 of 3rd period - Icing by Joe Pavelski.

Overtime #1

0:01 of 1st overtime period - Jamie Langenbrunner wins face-off versus Chris Drury in neutral zone.
2:41 of 1st overtime period - Shot by Daniel Alfredsson.
2:41 of 1st overtime period - Stopped by Michael Leighton without a rebound.
2:42 of 1st overtime period - Jussi Jokinen wins face-off versus Martin St. Louis in Blues zone.
2:42 of 1st overtime period - Jussi Jokinen is hit by Martin St. Louis.
2:57 of 1st overtime period - Scott Niedermayer is hit by Robert Lang and loses puck.
4:06 of 1st overtime period - Mike Comrie is hit by Jan Hejda.
4:47 of 1st overtime period - Icing by Jamie Langenbrunner.
4:48 of 1st overtime period - Jussi Jokinen wins face-off versus Martin St. Louis in Blues zone.
4:48 of 1st overtime period - Jussi Jokinen is hit by Robert Lang.
4:53 of 1st overtime period - Off-side.
4:54 of 1st overtime period - Joe Pavelski wins face-off versus Saku Koivu in neutral zone.

ShootOut

ShootOut - Penalty Shot by Milan Hejduk for Wild.
ShootOut - Stopped by Michael Leighton.
ShootOut - Penalty Shot by Jamie Langenbrunner for Blues.
ShootOut - Stopped by Dwayne Roloson.
ShootOut - Penalty Shot by Daniel Alfredsson for Wild.
ShootOut - Stopped by Michael Leighton.
ShootOut - Penalty Shot by Saku Koivu for Blues.
ShootOut - Goal by Saku Koivu.
ShootOut - Penalty Shot by Martin St. Louis for Wild.
ShootOut - Stopped by Michael Leighton.


Output by the SimonT Hockey Simulator (STHS) for Stephane Roy -- Original Page W3C XHTML 1.0 Valid